Construct Infanterie Kompanie
Selects Luftwaffe Battlegroup
Selects Luftwaffe Pioneer Support
Fallschirmpioneer Squad Paradrop
Construct Panzergrenadier Kompanie
Fallschirmpioneer Squad Paradrop
Pak 40 Anti-tank Gun Team
Selects Luftwaffe Combat Group
Selects Stuka Strafing Run
Selects Flak 36 Anti-tank Gun Emplacement
Selects Fallschirmjäger Squad Paradrop
Fallschirmpioneer Squad Paradrop
Nebelwerfer 42 Rocket Launcher Team